 Dungeon Crawl Stone Soup version 0.30.1-3-gfc49f6343a (webtiles) character file.

Game seed: 18181135507165086352

7856 Wiggles the Severer (level 11, -2/82 HPs)
             Began as a Minotaur Berserker on July 31, 2023.
             Was a High Priest of Trog.
             Killed from afar by an electric eel (11 damage)
             ... with a bolt of electricity
             ... on level 10 of the Dungeon.
             The game lasted 00:18:08 (9873 turns).

Wiggles the Severer (Minotaur Berserker)            Turns: 9873, Time: 00:18:08

Health: -2/82      AC: 13    Str: 24 (26) XL:     11   Next: 2%
Magic:  10/10      EV:  9    Int:  4      God:    Trog [*****.]
Gold:   415        SH:  0    Dex: 10      Spells: 10/10 levels left

rFire   . . .        a - +0 battleaxe (heavy)
rCold   . . .        (shield currently unavailable)
rNeg    . . .        d - +0 chain mail
rPois   +            (helmet restricted)
rElec   .            i - +0 cloak
rCorr   .            j - +1 pair of gloves
SInv    .            y - +0 pair of boots
Will    +....        (no amulet) Stlth
                     g - ring of willpower
HPRegen 0.33/turn    u - ring of poison resistance
MPRegen 0.12/turn

%: no passive effects
@: flying (expiring)
A: horns 2, retaliatory headbutt
a: Renounce Religion, Berserk, Trog's Hand, Brothers in Arms


You were on level 10 of the Dungeon.
You worshipped Trog.
Trog was extremely pleased with you.
You visited 1 branch of the dungeon, and saw 10 of its levels.

You collected 553 gold pieces.
You spent 138 gold pieces at shops.

Inventory:

Hand Weapons
 a - a +0 heavy battleaxe (weapon)
Armour
 d - a +0 chain mail (worn)
 i - a +0 cloak (worn)
 j - a +1 pair of gloves (worn)
 y - a +0 pair of boots (worn)
Jewellery
 g - a ring of willpower (left hand)
 q - an amulet of the acrobat
 u - a ring of poison resistance (right hand)
Wands
 B - a wand of digging (6)
 C - a wand of quicksilver (18)
 D - a wand of flame (14)
 F - a wand of paralysis (12)
Scrolls
 c - a scroll of blinking
 f - a scroll of teleportation
 l - 6 scrolls of fog
 A - a scroll of magic mapping
Potions
 e - a potion of might {unknown}
 m - 3 potions of resistance
 n - 2 potions of lignification
 p - 4 potions of invisibility
 r - 3 potions of haste
 v - a potion of heal wounds {unknown}
 w - a potion of curing {unknown}
 x - 3 potions of flight
 z - a potion of brilliance
 E - 2 potions of mutation
Miscellaneous
 b - a phial of floods


   Skills:
 - Level 3.6 Fighting
 + Level 19.7 Axes
 - Level 2.4 Armour
 - Level 2.1 Dodging
 + Level 1.8 Shields


You had 10 spell levels left.
You didn't know any spells.
Your spell library was empty.

Dungeon Overview and Level Annotations

Branches:
Dungeon (10/15)            Temple (0/1) D:6            Lair (0/5) D:8
    Orc (0/2) D:9

Altars:
Ashenzari
Fedhas
Hepliaklqana
Kikubaaqudgha
Makhleb
Nemelex Xobeh
Qazlal
Ru
Sif Muna
Trog
Yredelemnul
Zin

Shops:
D:2 (![(   D:7 [   D:8 *

Portals:
Bailey: D:10


Innate Abilities, Weirdness & Mutations

You have a pair of horns on your head.
You reflexively headbutt those who attack you in melee.


Message History

Deactivating autopickup; reactivate with Ctrl-A.
The shadow strikes at you from the darkness!
Reactivating autopickup.
The shadow closely misses you. The shadow barely misses you.
An electric eel comes into view.
Found 13 gold pieces.
The shadow slips into darkness.
The shadow flickers and vanishes!
Deactivating autopickup; reactivate with Ctrl-A.
The electric eel shoots out a bolt of lightning at you!
The bolt of electricity hits you!
Careful!
You are starting to lose your buoyancy.
An electric eel comes into view.
The shadow strikes at you from the darkness!
Reactivating autopickup.
The electric eel shoots out a bolt of lightning at you!
The bolt of electricity hits you.
The electric eel shoots out a bolt of lightning at you!
The bolt of electricity hits you!
* * * LOW HITPOINT WARNING * * *
The shadow attacks as you move away! The shadow hits you.
The shadow slips into darkness.
The shadow flickers and vanishes!
Deactivating autopickup; reactivate with Ctrl-A.
The electric eel shoots out a bolt of lightning at you!
The bolt of electricity hits you!
* * * LOW HITPOINT WARNING * * *
The electric eel shoots out a bolt of lightning at you!
The bolt of electricity hits you.
* * * LOW HITPOINT WARNING * * *
The electric eel shoots out a bolt of lightning at you!
The bolt of electricity hits the electric eel.
The electric eel completely resists.
The bolt of electricity hits you.
* * * LOW HITPOINT WARNING * * *
The shadow strikes at you from the darkness!
Reactivating autopickup.
The electric eel shoots out a bolt of lightning at you!
The bolt of electricity hits you!
You die...

####################
.....<##...........#
########.##8###8#### #
####.8∩........+
#####....####8###8## .
................[..# ..
#####....###########.##.
# ###### #........... #
###...@......# #
##≈~.~W~S~~~≈~~ #
#####≈≈#.~≈≈≈≈S≈≈~≈
####≈≈≈≈≈≈≈.≈≈≈≈≈≈≈≈≈≈
###≈≈≈≈≈≈≈≈≈~.~≈≈≈≈≈≈≈≈≈
#≈≈≈≈≈≈≈≈≈≈≈~..~≈≈≈≈≈≈≈≈
#≈≈≈≈≈≈≈≈≈≈≈≈#.#########
≈≈≈≈≈≈≈≈≈≈≈≈≈#...
#≈~≈≈≈≈≈≈≈≈≈≈#.#.#


You could see a shadow and 2 electric eels.

Vanquished Creatures
  Pikel (D:5)
  A komodo dragon (D:8)
  2 trolls
  Grinder (D:5)
  A wyvern (D:9)
  3 shadows (D:9)
  12 yaks
  A vampire (D:9)
  2 steam dragons
  2 orc warriors
  A water moccasin (D:8)
  A sky beast (D:8)
  3 ogres
  6 centaurs
  A phantom (D:6)
  2 kobold brigands
  2 bullfrogs (D:6)
  5 scorpions
  10 wights
  8 killer bees (D:8)
  An electric eel (D:10)
  A howler monkey (D:10)
  6 hounds
  4 jellies
  3 orc priests
  3 iguanas
  A sleepcap (D:5)
  Natasha (thrice) (D:3)
  7 orc wizards
  2 ogre zombies (D:9)
  4 gnolls (D:4)
  7 adders
  4 shadow imps
  A white imp (D:8)
  3 ufetubi
  2 worms
  37 orcs
  9 ball pythons
  19 endoplasms
  8 giant cockroaches
  11 hobgoblins
  8 jackals
  3 quokkas
  3 bats
  A frilled lizard (D:1)
  8 goblins
  A goblin skeleton (D:9)
  A goblin zombie (D:9)
  2 hobgoblin skeletons (D:9)
  2 hobgoblin zombies (D:9)
  18 kobolds
  An orc skeleton (D:9)
  7 orc zombies (D:9)
  6 rats
262 creatures vanquished.

Vanquished Creatures (collateral kills)
  2 troll zombies (D:9)
  2 ogre zombies (D:9)
  A hobgoblin skeleton (D:9)
  An orc skeleton (D:9)
  3 orc zombies (D:9)
9 creatures vanquished.

Grand Total: 271 creatures vanquished

Notes
Turn   | Place    | Note
-------+----------+-------------------------------------------
     0 | D:1      | Wiggles the Minotaur Berserker began the quest for the Orb.
     0 | D:1      | Reached XP level 1. HP: 19/19 MP: 0/0
   121 | D:1      | Reached skill level 4 in Axes
   232 | D:1      | Reached XP level 2. HP: 26/26 MP: 1/1
   664 | D:1      | Reached skill level 5 in Axes
   938 | D:2      | Reached XP level 3. HP: 31/31 MP: 2/2
   952 | D:2      | Reached ** piety under Trog
  1059 | D:2      | Found Zop Ofeq's Armour Boutique.
  1088 | D:2      | Reached XP level 4. HP: 34/39 MP: 3/3
  1089 | D:2      | Reached skill level 6 in Axes
  1111 | D:2      | Found the +18 Lear's hauberk
  1123 | D:2      | Found Takyal's Antique Weapon Shoppe.
  1307 | D:2      | Found Ufimmova's Weapon Boutique.
  1440 | D:2      | Reached skill level 7 in Axes
  1440 | D:2      | Reached XP level 5. HP: 17/45 MP: 4/4
  1448 | D:2      | HP: 2/45 [frozen (3)]
  1451 | D:2      | Reached *** piety under Trog
  1454 | D:2      | HP: 2/45 [endoplasm (1)]
  1738 | D:2      | Found Oqof's Distillery.
  1945 | D:3      | Noticed Natasha
  1956 | D:3      | Killed Natasha
  2122 | D:3      | Noticed an ogre
  2130 | D:3      | Killed an ogre
  2131 | D:3      | Reached skill level 8 in Axes
  2131 | D:3      | Reached XP level 6. HP: 51/51 MP: 5/5
  2202 | D:3      | Noticed Natasha
  2206 | D:3      | Killed Natasha
  2588 | D:3      | Noticed Natasha
  2597 | D:3      | Killed Natasha
  2854 | D:3      | Reached skill level 9 in Axes
  2870 | D:3      | Found a blossoming altar of Fedhas.
  3069 | D:4      | Found a sparkling altar of Nemelex Xobeh.
  3131 | D:4      | Reached XP level 7. HP: 23/57 MP: 6/6
  3715 | D:4      | Reached skill level 10 in Axes
  3845 | D:4      | Found a glowing silver altar of Zin.
  3916 | D:5      | Entered Level 5 of the Dungeon
  4079 | D:5      | Reached **** piety under Trog
  4157 | D:5      | Found a broken altar of Ashenzari.
  4377 | D:5      | Noticed Pikel
  4386 | D:5      | Killed Pikel
  4387 | D:5      | Reached skill level 12 in Axes
  4387 | D:5      | Reached XP level 8. HP: 64/64 MP: 7/7
  4393 | D:5      | Found a bloodstained altar of Trog.
  4508 | D:5      | Reached skill level 13 in Axes
  4652 | D:5      | Noticed Grinder
  4663 | D:5      | Killed Grinder
  5079 | D:6      | Reached skill level 14 in Axes
  5120 | D:6      | Reached XP level 9. HP: 70/70 MP: 8/8
  5217 | D:6      | Found a staircase to the Ecumenical Temple.
  5316 | D:6      | Found a stormy altar of Qazlal.
  5328 | D:6      | Found a hazy altar of Hepliaklqana.
  5833 | D:7      | Reached skill level 15 in Axes
  6167 | D:7      | Found Neiril's Antique Armour Boutique.
  6308 | D:7      | Found a sacrificial altar of Ru.
  6450 | D:7      | Found a burning altar of Makhleb.
  6452 | D:7      | Noticed a green death
  6511 | D:8      | Reached skill level 16 in Axes
  6709 | D:8      | Reached ***** piety under Trog
  6944 | D:8      | Reached skill level 17 in Axes
  6945 | D:8      | Reached XP level 10. HP: 39/77 MP: 9/9
  7577 | D:8      | Found a basalt altar of Yredelemnul.
  7682 | D:8      | Found a staircase to the Lair.
  7877 | D:8      | Found Ramoemy's Assorted Antiques.
  7885 | D:8      | Bought a bone wand for 92 gold pieces
  7885 | D:8      | Bought a scroll of identify for 46 gold pieces
  8156 | D:9      | Reached skill level 18 in Axes
  8463 | D:9      | Found a shimmering blue altar of Sif Muna.
  8481 | D:9      | Reached skill level 1 in Shields
  8482 | D:9      | Found an ancient bone altar of Kikubaaqudgha.
  8684 | D:9      | Found a staircase to the Orcish Mines.
  8691 | D:9      | Reached skill level 19 in Axes
  8701 | D:9      | Received a gift from Trog
  9293 | D:10     | Entered Level 10 of the Dungeon
  9504 | D:10     | Reached XP level 11. HP: 27/82 MP: 10/10
  9753 | D:10     | Found a flagged portal.
  9873 | D:10     | Killed from afar by an electric eel

Illustrated notes

Levels and vault maps discovered:
D:1:      giann_bridges, layout_basic, minivault_4,
          chequers_serial_rivers_large_a
D:2:      cheibrodos_fertilizer, layout_basic, serial_shops, shop,
          nicolae_shop_window_shopping, nicolae_shop_pleasant_corner_grove, shop
D:3:      layout_basic, fedhas_altar_2, serial_forest,
          infiniplex_forest_clump_cross, infiniplex_forest_lined_room_2,
          infiniplex_forest_end_2, infiniplex_forest_straight_1,
          infiniplex_forest_lined_3, infiniplex_forest_clump_diagonal,
          infiniplex_forest_corner_1, infiniplex_forest_lined_room_2,
          uniq_natasha
D:4:      layout_loops_ring, mainiacjoe_overflow_alcove_2,
          nemelex_spade_bored_becter
D:5:      minmay_diamond_boxcup, layout_basic, lemuel_round_altar,
          trog_antimagical, uniq_grinder, uniq_pikel
D:6:      layout_gridville, minitemple, minmay_temple_entry_statues_fountains
D:7:      layout_loops_ring, nicolae_ru_path_of_blood,
          makhleb_altar_promises_db, serial_shops, shop
D:8:      layout_loops_ring, old_standard_altar, david_lair_shrubbed,
          serial_shops, nicolae_shop_statue_plus
D:9:      layout_irregular_city, grunt_temple_overflow_open, zombieorc1_lemuel
D:10:     minmay_tri_box, layout_basic, enter_bailey_8, serial_bayou_pond_b

Skill      XL: |  1  2  3  4  5  6  7  8  9 10 |
---------------+-------------------------------+-----
Axes           | 4 5 7 8 9 12 14 17 19 | 19.7
Shields        | 1 |  1.8
Fighting       | |  3.6
Armour         | |  2.4
Dodging        | |  2.1

Action                     |  1- 3 |  4- 6 |  7- 9 | 10-12 || total
---------------------------+-------+-------+-------+-------++-------
  Melee: Hand axe          |    78 |   109 |       |       ||   187
         Headbutt          |     8 |    27 |    41 |    40 ||   116
         Punch             |     1 |       |     3 |       ||     4
         War axe           |       |    49 |   232 |    61 ||   342
         Broad axe         |       |       |       |    87 ||    87
         Battleaxe         |       |       |       |    33 ||    33
 Invoke: Berserk           |       |     1 |     3 |     1 ||     5
         Brothers in Arms  |       |       |       |     1 ||     1
  Evoke: Wand              |       |       |       |     1 ||     1
    Use: Scroll            |       |       |    13 |     3 ||    16
         Potion            |       |       |       |     6 ||     6
 Armour: Ring mail         |    29 |    20 |       |       ||    49
         Scale mail        |       |    19 |    84 |    29 ||   132
         Chain mail        |       |       |       |    66 ||    66
  Dodge: Dodged            |    49 |    77 |    85 |    77 ||   288
  Block: Buckler           |       |       |       |    13 ||    13
